AoeStats
← Silvarop

Arena

508844517Analyzed
3v3 RM · 7d ago on Sep 24, 2026· 45m 51s· 6 players
Game mode
Random Map
Map size
Normal (6 player)
Population
200
Speed
Normal
Resources
Standard
Victory
Conquest
Starting age
Dark Age
Ending age
Imperial Age
RankedLock teamsTeams togetherTeam positionsShared explorationLock speedFull tech treeHidden civsTurbo modeCheats
Victory
Defeat
🇧🇷 Chinese · Brazil
742
+7
🇪🇸 Romans · Spain
662
+10
🇪🇸 Turks · Spain
585
+12
516
-10
🇭🇰 Khmer · Hong Kong SAR China
514
-10
🇦🇺 Varangians · Australia
510
-9
Silvarop
0:31 Loom
11:00 Feudal Age
12:25 Double-Bit Axe
12:45 Horse Collar
13:23 Gold Mining
20:12 Castle Age
21:43 Bow Saw
21:37 Heavy Plow
23:03 Wheelbarrow
23:40 Gold Shaft Mining
24:00 Hand Cart
27:44 Town Watch
28:26 Stone Mining
30:00 Town Patrol
31:40 Scale Mail Armor
31:50 Forging
34:49 Imperial Age
33:29 Squires
32:50 Man-at-Arms
33:54 Ballistas
34:40 Iron Casting
34:21 Chain Mail Armor
34:12 Scale Barding Armor
34:32 Long Swordsman
34:59 Long Swordsman
36:06 Comitatenses
36:58 Chemistry
36:20 Ballistics
36:06 Siege Engineers
36:02 Legionary
37:49 Blast Furnace
37:10 Chain Barding Armor
36:41 Fletching
36:51 Padded Archer Armor
38:41 Conscription
38:25 Heavy Scorpion
NoobForever
0:28 Loom
11:28 Feudal Age
12:23 Double-Bit Axe
12:20 Horse Collar
20:18 Castle Age
19:29 Wheelbarrow
19:07 Gold Mining
19:28 Stone Mining
23:46 Caravan
27:50 Bow Saw
27:59 Heavy Plow
28:44 Gold Shaft Mining
29:05 Stone Shaft Mining
33:28 Imperial Age
33:03 Fletching
33:13 Padded Archer Armor
33:39 Ballistics
33:16 Murder Holes
33:53 Masonry
35:17 Chemistry
34:15 Bodkin Arrow
34:40 Leather Archer Armor
35:18 Conscription
35:46 Bracer
36:53 Ring Archer Armor
38:00 Hand Cart
37:30 Town Watch
38:25 Capped Ram
42:21 Elite Chu Ko Nu
44:47 Town Patrol
45:05 Thumb Ring
PerkyCake117159
4:32 Loom
12:40 Feudal Age
13:55 Wheelbarrow
13:11 Double-Bit Axe
19:41 Castle Age
18:28 Horse Collar
20:25 Crossbowman
25:58 Gold Mining
26:03 Stone Mining
31:18 Imperial Age
32:58 Hand Cart
32:29 Town Watch
33:34 Bow Saw
34:38 Artillery
35:00 Conscription
35:00 Heavy Plow
36:18 Caravan
36:49 Coinage
37:55 Fletching
38:06 Padded Archer Armor
38:17 Forging
42:36 Elite Janissary
43:00 Heavy Camel Rider
44:21 Husbandry
44:32 Bloodlines
ToveLo
12:24 Feudal Age
12:55 Double-Bit Axe
15:52 Stone Mining
15:49 Horse Collar
18:28 Gold Mining
21:42 Castle Age
20:21 Wheelbarrow
22:47 Bow Saw
22:42 Heavy Plow
22:48 Scale Mail Armor
22:58 Forging
24:28 Caravan
24:52 Chain Mail Armor
25:13 Iron Casting
28:44 Scale Barding Armor
28:55 Treadmill Crane
28:51 Vendel Legacy
31:42 Stone Shaft Mining
32:54 Chain Barding Armor
37:22 Imperial Age
35:08 Hand Cart
37:49 Squires
37:48 Arson
37:29 Capped Ram
37:47 Elite Jarl
40:09 Elite Varangian Guard
趁着风起拿下你
10:43 Horse Collar
10:51 Double-Bit Axe
15:38 Feudal Age
19:38 Castle Age
17:51 Heavy Plow
18:33 Bow Saw
18:38 Gold Mining
19:10 Stone Mining
20:53 Crop Rotation
22:03 Two-Man Saw
23:51 Gold Shaft Mining
30:32 Stone Shaft Mining
30:01 Scale Mail Armor
30:07 Scale Barding Armor
30:03 Padded Archer Armor
29:54 Fletching
30:14 Forging
30:39 Guilds
30:30 Caravan
34:01 Coinage
34:08 Iron Casting
33:49 Chain Mail Armor
33:54 Chain Barding Armor
33:51 Leather Archer Armor
34:05 Arson
34:28 Squires
37:12 Pikeman
38:45 Chain Barding Armor
38:21 Bodkin Arrow
47:47 Imperial Age
44:59 Treadmill Crane
45:30 Fortified Wall
45:41 Ballistics
45:12 Guard Tower
45:18 Murder Holes
45:33 Masonry
46:04 Wheelbarrow
45:14 Town Watch
45:16 Loom
tingchunng
8:46 Loom
10:34 Feudal Age
11:44 Double-Bit Axe
11:42 Horse Collar
20:23 Castle Age
21:41 Bow Saw
23:11 Gold Mining
23:14 Stone Mining
24:08 Wheelbarrow
25:05 Padded Archer Armor
26:09 Masonry
26:14 Fortified Wall
26:19 Masonry
26:26 Caravan
27:39 Gold Shaft Mining
27:39 Stone Shaft Mining
29:10 Heavy Plow
29:30 Hand Cart
31:07 Guard Tower
31:38 Ballistics
31:44 Leather Archer Armor
37:43 Imperial Age
39:01 Keep
38:35 Siege Engineers
39:11 Ring Archer Armor
38:18 Heavy Scorpion
40:26 Conscription
40:35 Double Crossbow
Connection lost

Rejoining the realm…

Still unreachable

The connection could not be restored.

Session expired

The server has moved on; the page needs a fresh start.